 Zot Defence DCSS version 0.16-a0-1157-gec61f8e (webtiles) character file.

34537 Kashira the Soul Tainter (level 12, -5/44 (111) HPs)
             Began as a Troll Death Knight on Oct 8, 2014.
             Was a Priest of Yredelemnul.
             Killed by divine providence
             ... invoked by a mottled draconian zealot
             ... summoned by a boggart
              (13 damage)
             ... in the Realm of Zot (Scenario I: Hall of Zot).
             The game lasted 00:27:07 (3667 turns).

Kashira the Soul Tainter (Troll Death Knight)       Turns: 3667, Time: 00:27:07

HP:   -5/44 (111)   AC:  7    Str: 24    XL:     12   Next: 55%
MP:   28/28         EV: 12    Int:  7    God:    Yredelemnul [***...]
Gold: 0             SH:  0    Dex: 13    Spells: 0 memorised, 11 levels left

rFire  . . .     SeeInvis .       - Unarmed
rCold  . . .     Clarity  .     g - +2 robe {MR+}
rNeg   . . .     SustAb   .     (shield restricted)
rPois  .         Gourm    +     (helmet restricted)
rElec  .         Spirit   .     (no cloak)
rCorr  .         Warding  .     (gloves unavailable)
rMut   .         Stasis   .     (boots unavailable)
MR     +....                    (no amulet)
Stlth  +.........               (no ring)
                                (no ring)

@: exhausted, slowed, very slow, somewhat resistant to hostile enchantments,
very unstealthy
A: unfitting armour, claws 3, fast metabolism 3, gourmand, regeneration 2,
saprovore 2, shaggy fur 1, tough skin 2
a: Make oklob sapling, Make arrow trap, Make plant, Remove Curse, Make burning
bush, Make altar, Make grenades, Make oklob plant, Make net trap, Make ice
statue, Make spear trap, Make alarm trap, Make mushroom circle, Animate Dead,
Recall Undead Slaves, Injury Mirror, Renounce Religion
}: 1/15 runes: bone


You were in the Realm of Zot.
You worshipped Yredelemnul.
Yredelemnul was most pleased with you.
You were not hungry.

You visited 1 branch

Inventory:

Armour
 b - a +0 robe
 g - a +2 robe of magic resistance (worn)
 j - a +2 robe of positive energy
Magical devices
 d - a wand of disintegration (10)
 i - a wand of confusion (26)
Comestibles
 c - 2 meat rations
Scrolls
 h - a scroll of blinking
Potions
 a - 2 potions of curing
 e - a potion of haste
 f - 2 potions of magic


   Skills:
 + Level 5.0 Fighting
 + Level 1.0 Armour
 + Level 4.7 Dodging
 + Level 7.9 Unarmed Combat
 + Level 15.7 Invocations
 + Level 1.0 Evocations


You had 11 spell levels left.
You didn't know any spells.

Dungeon Overview and Level Annotations

Branches:
    Zot (1/1)

Altars:


Innate Abilities, Weirdness & Mutations

You are too large for most types of armour.
You have claws for hands.
Your metabolism is lightning-fast.
You like to eat raw meat.
You heal very quickly.
You can eat rotten meat.
You are covered in fur (AC +1).
You have very tough skin (AC +2).


Message History

Your flesh rots away as the Orb of Zot is desecrated.
Your burning bush throws fire at the white draconian.
The puff of flame hits the vampire.
Unknown command.
You feel your anger subside.
You are no longer berserk.
You are exhausted.
You feel yourself slow down.
Your flesh rots away as the Orb of Zot is desecrated. x2
Your burning bush throws fire at the white draconian.
The puff of flame hits the vampire.
A spear hits the pale draconian!
You see here a giant club.
You barely miss the grey draconian.
The grey draconian is lightly wounded.
Your flesh rots away as the Orb of Zot is desecrated. x2
The moth of wrath flies safely over a trap.
The mottled draconian zealot calls down the wrath of its god upon the grey draconian.
Something smites you!
You die...
Your body rises from the dead as a mindless zombie.

...#### ####..... ......###
###........ ........##
##.......... .........# ▓▓▓▓▓▓▓▓▓
#...).......
.........▓▓▓....§..▓▓▓...).......
.........▓▓...§§...)▓▓DdD........
.........▓.....d)....▓4gX........
........)))))^)ddy).)dydq4g......
........P▓....VJ@....▓...........
.........▓▓.........▓▓...........
..PPP....▓▓▓.§P....▓▓▓...........
..P.P....▓ ▓▓▓▓▓▓▓▓▓ ▓...........
..PPP...▓▓ ▓▓.......... ......▓▓▓
▓▓▓........ ...▓▓▓▓ ▓▓▓▓.....
▓▓▓▓▓▓▓ ▓▓▓▓▓▓▓▓▓ #▓∆∆▓ ▓):▓#


You could see a yellow draconian, a red draconian, a white draconian (berserk),
a grey draconian (berserk), a pale draconian (berserk), a mottled draconian
zealot, a slime creature, 2 moths of wrath, a hellwing, a vampire, a boggart and
a friendly burning bush.

Vanquished Creatures
  An oklob plant (Zot)
  2 spiny frogs (Zot)
  A deep elf priest (Zot)
  An ogre (Zot)
  2 boggarts (Zot)
  3 giant frogs (Zot)
  A crimson imp (Zot)
  A hound (Zot)
  An orc priest (Zot)
  An iguana (Zot)
  A worker ant (Zot)
  A giant mite (Zot)
  Ijyb (Zot)
  A gnoll (Zot)
  A green rat (Zot)
  3 worms (Zot)
  4 oozes (Zot)
  An orc (Zot)
  4 giant cockroaches (Zot)
  A hobgoblin (Zot)
  2 ball pythons (Zot)
  A bat (Zot)
  2 giant newts (Zot)
  2 goblins (Zot)
  7 kobolds (Zot)
  3 rats (Zot)
49 creatures vanquished.

Vanquished Creatures (collateral kills)
  Agnes (Zot)
  A draconian monk (Zot)
  A fire dragon (Zot)
  Josephine (Zot)
  2 anacondas (Zot)
  A hill giant (Zot)
  A two-headed ogre (Zot)
  A naga ritualist (Zot)
  Pikel (Zot)
  2 red wasps (Zot)
  3 mana vipers (Zot)
  An orc sorcerer (Zot)
  2 hellions (Zot)
  3 spiny frogs (Zot)
  2 black mambas (Zot)
  An orange demon (Zot)
  Psyche (Zot)
  A kobold demonologist (Zot)
  A deep elf priest (Zot)
  A deep elf mage (Zot)
  2 wargs (Zot)
  3 slime creatures (Zot)
  3 blink frogs (Zot)
  A silent spectre (Zot)
  A spriggan zombie (Zot)
  A wyvern (Zot)
  A steam dragon (Zot)
  4 nagas (Zot)
  An ice beast (Zot)
  3 water moccasins (Zot)
  Purgy (Zot)
  4 orc warriors (Zot)
  4 ogres (Zot)
  3 black bears (Zot)
  4 boggarts (Zot)
  3 giant frogs (Zot)
  3 insubstantial wisps (Zot)
  2 eyes of draining (Zot)
  4 orc priests (Zot)
  A crimson imp (Zot)
  5 hounds (Zot)
  3 gnoll shamans (Zot)
  A quasit (Zot)
  An iguana (Zot)
  An orc wizard (Zot)
  6 worker ants (Zot)
  4 adders (Zot)
  2 green rats (Zot)
  2 orc zombies (Zot)
  4 giant mites (Zot)
  A shadow imp (Zot)
  A worm (Zot)
  2 giant geckos (Zot)
  4 oozes (Zot)
  5 orcs (Zot)
  5 ball pythons (Zot)
  12 bats (Zot)
  4 giant cockroaches (Zot)
  7 hobgoblins (Zot)
  3 jackals (Zot)
  8 kobolds (Zot)
  4 quokkas (Zot)
  A giant cockroach zombie (Zot)
  5 giant newts (Zot)
  8 goblins (Zot)
  10 rats (Zot)
  9 fungi (Zot)
195 creatures vanquished.

Vanquished Creatures (others)
  5 ice statues (Zot)
  7 oklob plants (Zot)
  4 burning bushes (Zot)
  A human zombie (Zot)
  2 spiny frog zombies (Zot)
  12 ice beasts (Zot)
  2 blink frog zombies (Zot)
  2 boggarts (Zot)
  A wyvern zombie (Zot)
  A water moccasin zombie (Zot)
  2 warg zombies (Zot)
  2 oklob saplings (Zot)
  2 giant frog zombies (Zot)
  A big kobold zombie (Zot)
  A black bear zombie (Zot)
  An ogre zombie (Zot)
  3 hound zombies (Zot)
  A hound skeleton (Zot)
  A mummy (Zot)
  5 worker ant zombies (Zot)
  2 worm zombies (Zot)
  2 gnoll zombies (Zot)
  3 adder zombies (Zot)
  2 giant mite zombies (Zot)
  An iguana zombie (Zot)
  4 orc zombies (Zot)
  An iguana skeleton (Zot)
  A bat skeleton (Zot)
  7 bat zombies (Zot)
  4 ball python zombies (Zot)
  A giant cockroach zombie (Zot)
  2 giant newt skeletons (Zot)
  3 giant newt zombies (Zot)
  5 goblin zombies (Zot)
  A green rat skeleton (Zot)
  2 green rat zombies (Zot)
  4 hobgoblin zombies (Zot)
  3 jackal zombies (Zot)
  A kobold skeleton (Zot)
  10 kobold zombies (Zot)
  3 quokka zombies (Zot)
  A rat skeleton (Zot)
  3 rat zombies (Zot)
  2 fungi (Zot)
124 creatures vanquished.

Grand Total: 368 creatures vanquished

Notes
Turn   | Place    | Note
--------------------------------------------------------------
     0 | Zot      | Kashira, the Troll Death Knight, began the quest for the Orb.
     0 | Zot      | Reached XP level 1. HP: 19/19 MP: 1/1
   214 | Zot      | Reached XP level 2. HP: 28/28 MP: 1/1
   238 | Zot      | Reached skill level 3 in Invocations
   255 | Zot      | Reached XP level 3. HP: 12/35 MP: 2/4
   309 | Zot      | Reached skill level 1 in Dodging
   340 | Zot      | Noticed Skiricrioh
   343 | Zot      | Reached XP level 4. HP: 37/42 MP: 1/5
   352 | Zot      | Killed Skiricrioh the ogre
   352 | Zot      | Reached skill level 1 in Armour
   352 | Zot      | Reached skill level 4 in Invocations
   352 | Zot      | Reached XP level 5. HP: 34/50 MP: 2/6
   352 | Zot      | Reached XP level 6. HP: 40/59 MP: 2/8
   419 | Zot      | Acquired Yredelemnul's second power
   441 | Zot      | Reached skill level 5 in Invocations
   540 | Zot      | Noticed Ijyb
   555 | Zot      | Killed Ijyb
   628 | Zot      | Reached XP level 7. HP: 66/66 MP: 4/9
   715 | Zot      | Reached skill level 6 in Invocations
   842 | Zot      | Noticed Purgy
   849 | Zot      | Killed Purgy
   889 | Zot      | Noticed a spiny frog
   893 | Zot      | Noticed a spiny frog
   904 | Zot      | Noticed a spiny frog
   905 | Zot      | Noticed a blink frog
   905 | Zot      | Killed a spiny frog
   905 | Zot      | Reached skill level 7 in Invocations
   905 | Zot      | Reached XP level 8. HP: 73/75 MP: 9/13
   908 | Zot      | Noticed a spiny frog
   910 | Zot      | Killed a spiny frog
   910 | Zot      | Reached skill level 5 in Unarmed Combat
   910 | Zot      | Reached skill level 8 in Invocations
   910 | Zot      | Reached XP level 9. HP: 37/83 MP: 10/18
   911 | Zot      | Noticed a blink frog
   913 | Zot      | Killed a spiny frog
   913 | Zot      | Reached skill level 9 in Invocations
   918 | Zot      | Noticed a spiny frog
   918 | Zot      | HP: 3/83 [poisoned by a spiny frog]
   919 | Zot      | HP: 1/83 [poisoned by a spiny frog]
   919 | Zot      | Killed a spiny frog
   919 | Zot      | Acquired Yredelemnul's third power
   922 | Zot      | Killed a blink frog
   922 | Zot      | Reached skill level 10 in Invocations
   928 | Zot      | Noticed a blink frog
   929 | Zot      | Killed a blink frog
   935 | Zot      | Killed a spiny frog
   935 | Zot      | Reached XP level 10. HP: 31/38 MP: 15/21
   936 | Zot      | Killed a blink frog
  1142 | Zot      | Noticed Josephine
  1154 | Zot      | Killed Josephine
  1154 | Zot      | Reached skill level 11 in Invocations
  1208 | Zot      | Received a gift from Yredelemnul
  1367 | Zot      | Reached skill level 12 in Invocations
  1442 | Zot      | Got a bone rune of Zot
  1606 | Zot      | Reached XP level 11. HP: 47/47 MP: 24/24
  1613 | Zot      | Killed Pikel
  2302 | Zot      | Reached skill level 13 in Invocations
  2307 | Zot      | Your ally Pikel died
  2311 | Zot      | Killed Psyche
  3399 | Zot      | Your ally Josephine died
  3410 | Zot      | Reached skill level 1 in Evocations
  3423 | Zot      | Noticed Agnes
  3437 | Zot      | Killed Agnes
  3437 | Zot      | Reached skill level 14 in Invocations
  3483 | Zot      | Killed an anaconda
  3483 | Zot      | Reached XP level 12. HP: 55/55 MP: 27/27
  3487 | Zot      | Killed an anaconda
  3493 | Zot      | Killed a naga ritualist
  3493 | Zot      | Reached skill level 15 in Invocations
  3544 | Zot      | Noticed Khaulomone
  3559 | Zot      | Killed Khaulomone the fire dragon
  3572 | Zot      | Reached skill level 5 in Fighting
  3609 | Zot      | Noticed a red draconian
  3616 | Zot      | Noticed a mottled draconian zealot
  3616 | Zot      | Noticed a red draconian monk
  3616 | Zot      | Noticed a grey draconian
  3616 | Zot      | Noticed a pale draconian
  3616 | Zot      | Noticed a grey draconian
  3616 | Zot      | Noticed a white draconian
  3652 | Zot      | Noticed a fire dragon
  3654 | Zot      | Noticed a shadow dragon
  3657 | Zot      | Noticed an electric golem
  3660 | Zot      | Noticed a storm dragon
  3661 | Zot      | Noticed a tentacled monstrosity
  3663 | Zot      | Killed a red draconian monk
  3667 | Zot      | Noticed a yellow draconian
  3667 | Zot      | Killed from afar by a mottled draconian zealot

Action                   |  1- 3 |  4- 6 |  7- 9 | 10-12 || total
-------------------------+-------+-------+-------+-------++-------
Melee: Unarmed           |    31 |    56 |    65 |    40 ||   192
Invok: Animate Remains   |     4 |    14 |    14 |       ||    32
       Animate Dead      |       |       |       |    24 ||    24
       Recall Undead Sla |       |       |       |     2 ||     2
 Abil: Make oklob saplin |     2 |       |       |       ||     2
       Make burning bush |       |       |     4 |     1 ||     5
       Make oklob plant  |       |       |     2 |     6 ||     8
       Make spear trap   |       |       |       |    12 ||    12
       Make ice statue   |       |       |       |     5 ||     5
       Make alarm trap   |       |       |       |     1 ||     1
       Make mushroom cir |       |       |       |     3 ||     3
Evoke: Wand              |       |       |     1 |       ||     1
  Use: Potion            |       |       |     3 |       ||     3
 Stab: Distracted        |     1 |       |       |     1 ||     2
